 Dungeon Sprint DCSS version 0.23.2-1-ga50397a6bc (webtiles) character file.

Game seed: 8870428424091747168

707 Kobolds4U the Carver (level 7, -8/73 HPs)
             Began as a Minotaur Berserker on May 21, 2019.
             Was a Priest of Trog.
             Mangled by a sixfirhy (12 damage)
             ... summoned by a kobold demonologist
             ... in the Dungeon (Sprint I: "Red Sonja").
             The game lasted 00:01:19 (738 turns).

Kobolds4U the Carver (Minotaur Berserker)            Turns: 738, Time: 00:01:19

Health: -8/73      AC:  3    Str: 21    XL:     7   Next: 39%
Magic:  6/6        EV: 16    Int:  4    God:    Trog [***...]
Gold:   422        SH:  0    Dex: 12    Spells: 6/6 levels left

rFire    . . .     SeeInvis .   a - +0 falchion
rCold    . . .     Gourm    .   (no shield)
rNeg     . . .     Faith    .   k - +0 leather armour
rPois    .         Spirit   .   (helmet restricted)
rElec    .         Reflect  .   (no cloak)
rCorr    .         Harm     .   (no gloves)
MR       ++...     NoTele   +   (no boots)
Stlth    +.........             (no amulet)
HPRegen  1.22/turn              (no ring)
MPRegen  0.10/turn              (no ring)

@: regenerating
A: retaliatory headbutt, horns 2
a: Berserk, Trog's Hand, Renounce Religion


You were in the Dungeon.
You worshipped Trog.
Trog was most pleased with you.
You were not hungry.

You visited 1 branch You collected 422 gold pieces.

Inventory:

Hand Weapons
 a - a +0 falchion (weapon)
Armour
 b - a +0 animal skin
 k - a +0 leather armour (worn)
Jewellery
 n - an uncursed ring of flight {unknown}
Wands
 j - a wand of polymorph (4)
 l - a wand of random effects (14)
Scrolls
 i - a scroll of blinking
Potions
 d - a potion of curing
 e - a potion of heal wounds
 f - a potion of haste
 g - 2 potions of magic
 h - a potion of berserk rage
Comestibles
 c - a ration


   Skills:
 + Level 10.3 Fighting
 * Level 13.6 Long Blades
 - Level 2.4 Armour
 + Level 9.2 Dodging


You had 6 spell levels left.
You didn't know any spells.
Your spell library was empty.

Dungeon Overview and Level Annotations

Branches:
Dungeon (1/1)

Altars:
Cheibriados
Dithmenos
Elyvilon
Fedhas
Gozag
Hepliaklqana
Kikubaaqudgha
Makhleb
Nemelex Xobeh
Okawaru
Qazlal
Ru
Sif Muna
Trog
Uskayaw
Vehumet
Wu Jian
Xom
Yredelemnul
Zin
The Shining One
Jiyva
Lugonu

Shops:
D }


Innate Abilities, Weirdness & Mutations

You reflexively headbutt those who attack you in melee.
You have a pair of horns on your head.


Message History

Your headbutt misses the kobold demonologist.
The kobold demonologist is almost dead.
The sixfirhy misses you. The sixfirhy hits you!
* * * LOW HITPOINT WARNING * * *
The sixfirhy shocks you!
* * * LOW HITPOINT WARNING * * *
The kobold demonologist hits you with a +0 dagger.
* * * LOW HITPOINT WARNING * * *
Your skin crawls.
You feel resistant to hostile enchantments.
You feel somewhat more hungry. The sixfirhy barely misses you.
You riposte.
You miss the sixfirhy. You headbutt the sixfirhy!
The sixfirhy is moderately wounded.
The sixfirhy closely misses you. You furiously retaliate!
You headbutt the sixfirhy!
You riposte.
You miss the sixfirhy.
The sixfirhy is heavily wounded.
The sixfirhy completely misses you. The sixfirhy hits you.
* * * LOW HITPOINT WARNING * * *
The sixfirhy shocks you!
You die...

#####################
.)..#..'..#__#..@3K3#
.#..').#..'..'..#K55#
###'#####'#__####355+
##..#...#.#### ####
_####..##.#
____##'#_.+
.∩...÷..._#
..__##_.#'#
____###+#.#


You could see a soul eater, 2 kobold demonologists, a sixfirhy, a neqoxec, 3
quasits and a white imp.

Vanquished Creatures
  A slime creature (D)
  A yak (D)
  Sigmund (D)
  A floating eye (D)
  An ogre (D)
  A jelly (D)
  Ijyb (D)
7 creatures vanquished.

Notes
Turn   | Place    | Note
-------+----------+-------------------------------------------
     0 | D        | Kobolds4U the Minotaur Berserker began the quest for the
                  | Orb.
     0 | D        | Reached XP level 1. HP: 19/19 MP: 0/0
     1 | D        | Noticed Ijyb
     9 | D        | Killed Ijyb
     9 | D        | Reached skill level 5 in Fighting
     9 | D        | Reached skill level 6 in Long Blades
     9 | D        | Reached XP level 2. HP: 19/29 MP: 1/1
   118 | D        | Noticed an ogre
   121 | D        | Killed an ogre
   121 | D        | Reached skill level 8 in Long Blades
   121 | D        | Reached skill level 5 in Dodging
   121 | D        | Reached XP level 3. HP: 38/38 MP: 2/2
   121 | D        | Reached XP level 4. HP: 45/45 MP: 3/3
   131 | D        | Noticed Sigmund
   143 | D        | Killed Sigmund
   143 | D        | Reached ** piety under Trog
   143 | D        | Reached skill level 10 in Long Blades
   143 | D        | Reached XP level 5. HP: 24/53 MP: 4/4
   323 | D        | Found an ornate altar of the Wu Jian Council.
   323 | D        | Found a deep blue altar of Sif Muna.
   325 | D        | Found a radiant altar of Vehumet.
   327 | D        | Reached skill level 11 in Long Blades
   327 | D        | Reached XP level 6. HP: 60/62 MP: 5/5
   355 | D        | Found Pekloh's Gadget Emporium.
   355 | D        | Found an ancient bone altar of Kikubaaqudgha.
   355 | D        | Found a hazy altar of Hepliaklqana.
   355 | D        | Found a stormy altar of Qazlal.
   355 | D        | Found a hide-covered altar of Uskayaw.
   355 | D        | Found a blossoming altar of Fedhas.
   355 | D        | Found a bloodstained altar of Trog.
   355 | D        | Found an iron altar of Okawaru.
   355 | D        | Found a basalt altar of Yredelemnul.
   355 | D        | Found a glowing golden altar of the Shining One.
   355 | D        | Found a snail-covered altar of Cheibriados.
   355 | D        | Found a sacrificial altar of Ru.
   355 | D        | Found a glowing silver altar of Zin.
   355 | D        | Found a shadowy altar of Dithmenos.
   355 | D        | Found a white marble altar of Elyvilon.
   355 | D        | Noticed a yak
   362 | D        | Killed a yak
   362 | D        | Reached skill level 12 in Long Blades
   363 | D        | Found an opulent altar of Gozag.
   364 | D        | Found a sparkling altar of Nemelex Xobeh.
   493 | D        | Found a viscous altar of Jiyva.
   493 | D        | Found a corrupted altar of Lugonu.
   493 | D        | Noticed a slime creature
   494 | D        | Found a burning altar of Makhleb.
   494 | D        | Found a shimmering altar of Xom.
   503 | D        | Killed a slime creature
   503 | D        | Reached *** piety under Trog
   503 | D        | Reached skill level 10 in Fighting
   503 | D        | Reached skill level 13 in Long Blades
   503 | D        | Reached XP level 7. HP: 26/72 MP: 6/6
   720 | D        | Noticed a kobold demonologist
   720 | D        | Noticed a kobold demonologist
   722 | D        | Noticed a soul eater
   725 | D        | Noticed a neqoxec
   726 | D        | Noticed a sixfirhy
   738 | D        | Mangled by a sixfirhy

Skill      XL: |  1  2  3  4  5  6  7 |
---------------+----------------------+-----
Fighting       | 5 6 8 10 | 10.3
Long Blades    | 6 8 10 11 13 | 13.6
Dodging        | 3 5 7 8 9 |  9.2
Armour         | |  2.4

Action                   |  1- 3 |  4- 6 |  7- 9 || total
-------------------------+-------+-------+-------++-------
Melee: Falchion          |     9 |    28 |    16 ||    53
       Headbutt          |     4 |    10 |     5 ||    19
Invok: Trog's Hand       |       |       |     1 ||     1
Armor: Leather armour    |       |     2 |     5 ||     7
Dodge: Dodged            |     7 |     5 |    13 ||    25
       Rpst.: Falchion   |     2 |       |     3 ||     5
